 Dungeon Crawl Stone Soup version 0.32-a0-913-g739538afd8 (webtiles) character file.

Game seed: 10975315901153874956

15066 McSplat the Fighter (level 12, -3/139 HPs)
             Began as an Oni Berserker on Apr 8, 2024.
             Was an Elder of Trog.
             Slain by a spriggan defender zombie (20 damage)
             ... on level 4 of the Abyss.
             The game lasted 00:36:37 (12351 turns).

McSplat the Fighter (Oni Berserker)                Turns: 12351, Time: 00:36:41

Health: -3/139     AC:  7    Str: 28    XL:     12   Next: 23%
Magic:  12/12      EV: 15    Int:  8    God:    Trog [****..]
Gold:   1040       SH:  0    Dex:  8    Spells: 11/11 levels left

rFire   . . .        a - +0 battleaxe
rCold   . . .        (shield currently unavailable)
rNeg    . . .        H - +0 steam dragon scales
rPois   +            (helmet restricted)
rElec   .            u - +0 cloak
rCorr   .            (gloves unavailable)
SInv    .            (boots unavailable)
Will    +....        o - amulet of faith
Stlth   +            i - +5 ring of evasion
HPRegen 0.43/turn    n - ring of poison resistance
MPRegen 0.13/turn

%: faith
@: on berserk cooldown, slowed, very slow
A: large, unfitting armour, horns 1, tough skin 1, double potion healing,
drunken brawling
a: Renounce Religion, Berserk, Trog's Hand, Brothers in Arms


You were on level 4 of the Abyss.
You worshipped Trog.
Trog was greatly pleased with you.
You visited 1 branch of the dungeon, and saw 12 of its levels.
You visited the Abyss 2 times.
You also visited: Bailey.

You collected 1040 gold pieces.

Inventory:

Hand Weapons
 a - a +0 battleaxe (weapon)
 w - a +2 hand axe of flaming
Missiles
 c - 21 boomerangs (quivered)
 f - 13 poisoned darts
 k - 8 atropa-tipped darts
 l - 3 curare-tipped darts
 v - 2 throwing nets
 z - 4 datura-tipped darts
Armour
 u - a +0 cloak (worn)
 H - +0 steam dragon scales (worn)
Jewellery
 e - a ring of see invisible
 g - a ring of protection from cold
 i - a +5 ring of evasion (left hand)
 n - a ring of poison resistance (right hand)
 o - an amulet of faith (around neck)
 p - a ring of protection from fire
 y - a ring of protection from fire
Wands
 b - a wand of roots (12)
 G - a wand of flame (40)
 I - a wand of charming (5)
Scrolls
 h - 5 scrolls of teleportation
 t - 2 scrolls of fear {unknown}
 B - a scroll of poison {unknown}
 F - a scroll of fog {unknown}
 K - a scroll of butterflies {unknown}
Potions
 d - a potion of haste
 j - 2 potions of enlightenment
 m - 4 potions of mutation
 q - 2 potions of resistance
 r - 3 potions of curing
 s - 3 potions of might
 C - 2 potions of ambrosia {unknown}
 E - a potion of lignification {unknown}
 J - a potion of berserk rage {unknown}


   Skills:
 + Level 14.1 Fighting
 + Level 13.1 Axes
 + Level 7.3 Throwing
 - Level 7.3 Dodging
 + Level 0.4 Evocations


You had 11 spell levels left.
You didn't know any spells.
Your spell library was empty.

Dungeon Overview and Level Annotations

Branches:
Dungeon (12/15)            Temple (0/1) D:6            Lair (0/5) D:11
    Orc (0/2) D:9          Bailey (visited)

Altars:
Ashenzari
Cheibriados
Dithmenos
Fedhas
Gozag
Makhleb
Okawaru
Qazlal
Trog
Uskayaw
Vehumet
Wu Jian
Xom
Yredelemnul
The Shining One
Beogh

Shops:
D:5 :

Annotations:
D:5 2 transporters
D:10 1 transporter, champdelmundo's ghost, journeyman GrIE
D:11 2 transporters
D:12 Sonja


Innate Abilities, Weirdness & Mutations

You are too large for most types of armour.
You have a pair of small horns on your head.
You have tough skin. (AC +1)
You gain doubled healing and magic from potions.
Whenever you drink a healing potion, you attack all around you.


Message History

You are cast into the Abyss!
This branch contains the abyssal rune of Zot.
You feel a strong urge to attack something.
You feel your anger nearly subside.
A spriggan defender zombie comes into view.
You are no longer berserk.
You are exhausted.
You feel yourself slow down.
You slice the spriggan defender zombie!!
The spriggan defender zombie is lightly damaged.
The spriggan defender zombie hits you!
The spriggan defender zombie completely misses you.
The spriggan defender zombie hits you!!
You barely miss the spriggan defender zombie.
The spriggan defender zombie is lightly damaged.
The spriggan defender zombie hits you! The spriggan defender zombie hits you!!
You closely miss the spriggan defender zombie.
The spriggan defender zombie is lightly damaged.
The spriggan defender zombie closely misses you.
The spriggan defender zombie hits you!
You miss the spriggan defender zombie.
The spriggan defender zombie is lightly damaged.
The spriggan defender zombie hits you. The spriggan defender zombie hits you!
You barely miss the spriggan defender zombie.
The spriggan defender zombie is lightly damaged.
The spriggan defender zombie hits you!
* * * LOW HITPOINT WARNING * * *
The spriggan defender zombie barely misses you. x2
You miss the spriggan defender zombie.
The spriggan defender zombie is lightly damaged.
The spriggan defender zombie hits you!!
* * * LOW HITPOINT WARNING * * *
The spriggan defender zombie misses you.
You hit the spriggan defender zombie.
You headbutt the spriggan defender zombie, but do no damage.
The spriggan defender zombie is lightly damaged.
The spriggan defender zombie hits you.
* * * LOW HITPOINT WARNING * * *
The spriggan defender zombie hits you!!
You die...

≈ ≈...≈ ≈#........
≈.≈ ..≈.≈#.... ... ≈
. .≈.≈#......... ≈
≈≈≈.. #.### ....
≈≈≈≈≈..###### ...
.........###..#.. §
..#########..####....
.............## .....
#.@Z............
............#..# . ..
..............#.. ...
......#......... ....
...............#... .
....................#
..#............#...#
###..#........... ...


You could see a spriggan defender zombie.

Vanquished Creatures
  A boulder beetle (D:11)
  5 two-headed ogres
  Pikel (D:5)
  A manticore (D:12)
  Jeremiah (D:6)
  3 kobold demonologists (D:11)
  An unseen horror (D:11)
  2 trolls (D:11)
  Grinder (D:5)
  5 yaks (D:10)
  2 steam dragons (D:8)
  10 vampire mosquitoes
  A neqoxec (Abyss:2)
  2 water moccasins
  An acid dragon (D:9)
  6 orc warriors
  A black bear (D:7)
  An ice beast (D:7)
  3 sky beasts
  4 wolves (D:11)
  3 lemures (D:5)
  A centaur (D:9)
  A phantom (D:6)
  9 kobold brigands
  2 bullfrogs (D:8)
  A scorpion (D:7)
  17 wights
  8 killer bees
  6 howler monkeys
  4 electric eels (D:11)
  A crimson imp (D:6)
  4 orc priests
  2 bombardier beetles
  2 jellies
  6 hounds
  A sleepcap (D:7)
  2 iguanas
  8 orc wizards
  12 gnolls
  9 adders
  A white imp (D:7)
  3 dart slugs
  2 ribbon worms
  46 orcs
  8 ball pythons
  3 endoplasms
  5 giant cockroaches
  6 goblins
  3 hobgoblins
  3 quokkas (D:1)
  3 bats
  2 frilled lizards
  32 kobolds
  9 rats
277 creatures vanquished.

Vanquished Creatures (collateral kills)
  A two-headed ogre (D:10)
  A shadow (D:11)
  2 yaks (D:10)
  2 vampire mosquitoes (D:10)
6 creatures vanquished.

Vanquished Creatures (others)
  2 yaks (D:10)
  A lurking horror (Abyss:2)
3 creatures vanquished.

Grand Total: 286 creatures vanquished

Notes
Turn   | Place    | Note
-------+----------+-------------------------------------------
     0 | D:1      | McSplat the Oni Berserker began the quest for the Orb.
     0 | D:1      | Reached XP level 1. HP: 24/24 MP: 1/1
   154 | D:1      | Reached XP level 2. HP: 20/32 MP: 2/2
   509 | D:1      | Found a faded altar of an unknown god.
   600 | D:2      | Found a radiant altar of Vehumet.
   674 | D:2      | Reached XP level 3. HP: 25/40 MP: 3/3
  1475 | D:3      | Reached XP level 4. HP: 49/49 MP: 4/4
  1483 | D:3      | Reached skill level 5 in Fighting
  1609 | D:3      | Found a bloodstained altar of Trog.
  2124 | D:4      | Reached ** piety under Trog
  2295 | D:4      | Found a stormy altar of Qazlal.
  2563 | D:4      | Reached XP level 5. HP: 56/57 MP: 5/5
  2731 | D:4      | Noticed a kobold brigand
  2743 | D:4      | Killed a kobold brigand
  2860 | D:4      | Reached skill level 6 in Fighting
  2860 | D:4      | Reached XP level 6. HP: 55/67 MP: 6/6
  3280 | D:5      | Entered Level 5 of the Dungeon
  3280 | D:5      | Noticed Grinder
  3288 | D:5      | Killed Grinder
  3289 | D:5      | Reached skill level 5 in Axes
  3289 | D:5      | Reached XP level 7. HP: 76/76 MP: 7/7
  3324 | D:5      | Found a blossoming altar of Fedhas.
  3324 | D:5      | Found a basalt altar of Yredelemnul.
  3451 | D:5      | Found Kuf Iwops's Tiny Tomes.
  3502 | D:5      | Reached skill level 7 in Fighting
  3748 | D:5      | Noticed Pikel
  3784 | D:5      | Killed Pikel
  3785 | D:5      | Reached skill level 8 in Fighting
  3785 | D:5      | Reached skill level 5 in Dodging
  3785 | D:5      | Reached XP level 8. HP: 33/88 MP: 8/8
  3983 | D:5      | Found a transporter.
  4001 | D:5      | Found a transporter.
  4639 | D:6      | Noticed Jeremiah
  4671 | D:6      | Killed Jeremiah
  4672 | D:6      | Reached skill level 9 in Fighting
  4977 | D:6      | Found a staircase to the Ecumenical Temple.
  4996 | D:6      | Reached XP level 9. HP: 100/100 MP: 9/9
  5279 | D:6      | Found an iron altar of Okawaru.
  5334 | D:6      | Found a burning altar of Makhleb.
  5338 | D:6      | Found a shimmering altar of Xom.
  5573 | D:7      | Found a flagged portal.
  5591 | Bailey   | Entered a bailey
  5624 | Bailey   | Reached skill level 10 in Fighting
  5627 | Bailey   | Reached *** piety under Trog
  5735 | Bailey   | Found an iron altar of Okawaru.
  6295 | D:7      | Reached skill level 1 in Throwing
  6541 | D:7      | Reached skill level 11 in Fighting
  6645 | D:7      | Reached XP level 10. HP: 109/113 MP: 10/10
  7141 | D:7      | Found a snail-covered altar of Cheibriados.
  7665 | D:8      | Reached **** piety under Trog
  7893 | D:8      | Found a broken altar of Ashenzari.
  8161 | D:8      | Found an opulent altar of Gozag.
  8251 | D:9      | Found a hide-covered altar of Uskayaw.
  8268 | D:9      | Found an ornate altar of the Wu Jian Council.
  8588 | D:9      | Found a staircase to the Orcish Mines.
  8604 | D:9      | Reached skill level 10 in Axes
  8621 | D:9      | Reached skill level 12 in Fighting
  8640 | D:9      | Found a roughly hewn altar of Beogh.
  8825 | D:10     | Entered Level 10 of the Dungeon
  8825 | D:10     | Noticed a two-headed ogre
  8833 | D:10     | Killed a two-headed ogre
  8844 | D:10     | Reached XP level 11. HP: 105/124 MP: 11/11
  8847 | D:10     | Reached skill level 5 in Throwing
  8848 | D:10     | Reached ***** piety under Trog
  8858 | D:10     | HP: 3/124 [vampire mosquito (8)]
  9195 | D:10     | Found a transporter.
  9196 | D:10     | Identified the +8 dire flail "Xiepp" {flame, rPois rN+}
  9196 | D:10     | Noticed a two-headed ogre
  9196 | D:10     | Noticed champdelmundo's ghost (journeyman GrIE)
  9197 | D:10     | Noticed a two-headed ogre
  9197 | D:10     | Noticed a two-headed ogre
  9205 | D:10     | Noticed a two-headed ogre
  9267 | D:10     | Found a glowing golden altar of the Shining One.
  9406 | D:10     | Noticed a two-headed ogre
  9412 | D:10     | Killed a two-headed ogre
  9539 | D:10     | Found a radiant altar of Vehumet.
  9587 | D:10     | Found a shadowy altar of Dithmenos.
  9887 | D:11     | Noticed a two-headed ogre
  9901 | D:11     | Killed a two-headed ogre
  9902 | D:11     | Reached skill level 13 in Fighting
 10313 | D:11     | Noticed a sixfirhy
 10439 | D:11     | Found a transporter.
 10609 | D:11     | Noticed a fire crab
 10791 | D:11     | Found a transporter.
 10800 | D:11     | Noticed a boulder beetle
 10815 | D:11     | Killed a boulder beetle
 10934 | D:11     | Noticed a two-headed ogre
 10943 | D:11     | Killed a two-headed ogre
 10944 | D:11     | Reached XP level 12. HP: 137/137 MP: 12/12
 11071 | D:11     | Noticed a two-headed ogre
 11077 | D:11     | Killed a two-headed ogre
 11078 | D:11     | Reached skill level 14 in Fighting
 11162 | D:11     | Noticed a two-headed ogre
 11167 | D:11     | Killed a two-headed ogre
 11308 | D:11     | Found a staircase to the Lair.
 11508 | D:12     | Noticed Sonja
 11533 | Abyss:2  | Cast into level 2 of the Abyss (Sonja)
 11602 | Abyss:2  | Noticed a naga warrior
 11609 | Abyss:2  | Noticed a naga warrior
 11616 | Abyss:2  | Found a corrupted altar of Lugonu.
 11655 | Abyss:2  | Noticed a starcursed mass
 11689 | Abyss:2  | Noticed a thrashing horror
 11722 | Abyss:2  | Noticed a tentacled starspawn
 11724 | Abyss:3  | Found a corrupted altar of Lugonu.
 11803 | D:12     | Escaped the Abyss
 12334 | Abyss:4  | Cast into level 4 of the Abyss (Sonja)
 12351 | Abyss:4  | Slain by a spriggan defender zombie

Illustrated notes

Levels and vault maps discovered:
D:1:      mushboom_english_gardens, layout_rooms,
          hellmonk_ecumenical_altar_inner_sanctum
D:2:      layout_basic, basic_altar
D:3:      layout_basic, lemuel_doored_altar, serial_bayou_pond_c
D:4:      layout_loops_corners, nicolae_qazlal_eye_of_the_storm,
          chequers_serial_rivers_large_b, lexackson_kobold_supper
D:5:      gammafunk_steamed_eel, layout_loops_ring,
          gammafunk_temple_overflow_wave, nicolae_shop_i_like_small_books_too,
          uniq_grinder, uniq_pikel
D:6:      layout_rooms, grunt_temple_overflow_champion_of_chaos,
          lemuel_coloured_pillars_altar, minmay_temple_entry_trees,
          minmay_fractal_squares_gapless_5, uniq_jeremiah
D:7:      layout_basic, marbit_many_paths, enter_bailey_1, serial_rivers,
          chequers_serial_rivers_small_b, chequers_serial_rivers_room_a,
          chequers_serial_rivers_small_b, chequers_serial_rivers_large_a,
          chequers_serial_rivers_micro_c, chequers_serial_rivers_micro_c,
          sigmund_army
D:8:      layout_rooms, ashenzari_conservatory_becter, overflow_temple_1_default
D:9:      layout_rooms, mainiacjoe_overflow_small_starburst,
          eat_drink_and_be_merry_uskayaw, david_orc_5, grunt_ministairs_9
D:10:     layout_big_octagon, mainiacjoe_overflow_paths,
          nicolae_tso_carved_into_rock, fiery_altar_vehumet,
          gammafunk_ghost_smash, chequers_jeans
D:11:     gammafunk_cloud_chamber, layout_rooms, erik_lair_island
D:12:     layout_stronghold, uniq_sonja
Abyss:4:  base: D:1, base: D:9, evilmike_abyss_exit_mutagenic, minivault_25,
          base: D:4, base: D:10, hangedman_abyss_feature_spike

Skill      XL: |  1  2  3  4  5  6  7  8  9 10 11 12 |
---------------+-------------------------------------+-----
Dodging        | 3 4 5 6 7 |  7.3
Fighting       | 5 6 8 9 11 12 13 14 | 14.1
Axes           | 4 5 6 7 8 10 12 13 | 13.1
Throwing       | 2 4 6 7 |  7.3
Evocations     | |  0.4

Action                     |  1- 3 |  4- 6 |  7- 9 | 10-12 || total
---------------------------+-------+-------+-------+-------++-------
  Melee: Hand axe          |    71 |   104 |   239 |       ||   414
         Headbutt          |     7 |    21 |    37 |    44 ||   109
         Battleaxe         |       |       |    51 |   282 ||   333
  Throw: Dart              |       |     1 |    17 |    19 ||    37
         Throwing net      |       |       |     2 |       ||     2
         Boomerang         |       |       |       |     2 ||     2
 Invoke: Berserk           |     2 |     4 |    16 |    15 ||    37
         Trog's Hand       |       |     1 |     1 |     2 ||     4
         Brothers in Arms  |       |       |       |     1 ||     1
  Evoke: Wand              |       |       |       |    15 ||    15
    Use: Scroll            |     1 |     6 |     7 |     8 ||    22
         Potion            |       |     1 |       |     4 ||     5
   Stab: Sleeping          |       |     1 |       |       ||     1
         Held in net/web   |       |       |     1 |       ||     1
 Armour: Animal skin       |    38 |    77 |   153 |    43 ||   311
         Steam dragon scal |       |       |       |   295 ||   295
  Dodge: Dodged            |    42 |    38 |   176 |   343 ||   599

Table legend: (Time is in decaauts)
 A = Elapsed time spent in this place.
 B = Non-inter-level travel time spent in this place.
 C = Inter-level travel time spent in this place.
 D = Time resting spent in this place.
 E = Time spent auto-exploring this place.
 F = Levels seen in this place.
 G = Mean time per level.
                   A        B        C        D        E       F      G
               +--------+--------+--------+--------+--------+-----+--------+
         Total |  12745 |  12424 |    321 |   3980 |   6135 |  17 |  749.7 |
       Dungeon |  12126 |  11805 |    321 |   3763 |   6079 |  12 | 1010.5 |
         Abyss |    312 |    312 |      0 |    107 |      0 |   4 |   78.0 |
        Bailey |    306 |    306 |      0 |    110 |     56 |   1 |  306.0 |
               +--------+--------+--------+--------+--------+-----+--------+

Top non-repeatable levels by time:
    D:11: 1552 daAuts
     D:7: 1354 daAuts
     D:6: 1313 daAuts
     D:5: 1308 daAuts
     D:4: 1192 daAuts
    D:10: 1128 daAuts
     D:2: 917 daAuts
     D:8: 911 daAuts
     D:9: 902 daAuts
     D:3: 661 daAuts
     D:1: 567 daAuts
    D:12: 317 daAuts
  Bailey: 306 daAuts
 Abyss:2: 211 daAuts
 Abyss:4: 94 daAuts
